 Dungeon Crawl Stone Soup version 0.22.1-2-g9c5b331383 (webtiles) character file.

5021 Marnok the Grappler (level 10, -3/141 HPs)
             Began as a Troll Berserker on Dec 22, 2018.
             Was a High Priest of Trog.
             Slain by Grum
             ... wielding a -1 spear
              (7 damage)
             ... on level 8 of the Dungeon.
             The game lasted 00:29:10 (4908 turns).

Marnok the Grappler (Troll Berserker)               Turns: 4908, Time: 00:29:10

Health: -3/141     AC:  7    Str: 34    XL:     10   Next: 30%
Magic:  9/9        EV: 12    Int:  3    God:    Trog [*****.]
Gold:   464        SH:  0    Dex: 10    Spells: 9/9 levels left

rFire    . . .     SeeInvis .     - Unarmed
rCold    + . .     Gourm    +   (no shield)
rNeg     . . .     Faith    .   a - +2 animal skin
rPois    .         Spirit   .   (helmet restricted)
rElec    .         Reflect  .   (no cloak)
rCorr    +         Harm     .   (gloves unavailable)
MR       .....                  (boots unavailable)
Stlth    ..........             (no amulet)
HPRegen  0.73/turn              h - ring of protection from cold
MPRegen  0.11/turn              M - ring of resist corrosion

@: berserking, very slightly contaminated, invisible, very quick
A: large, unfitting armour, claws 3, fast metabolism 3, gourmand, regeneration
1, shaggy fur 1, tough skin 2
a: Berserk, Trog's Hand, Brothers in Arms, Renounce Religion


You were on level 8 of the Dungeon.
You worshipped Trog.
Trog was extremely pleased with you.
You were hungry.

You visited 1 branch of the dungeon, and saw 9 of its levels.
You also visited: Ossuary.

You collected 464 gold pieces.

Inventory:

Hand Weapons
 o - a +1 short sword of electrocution
 C - a +1 mace of protection
 D - a +5 dagger
 F - a +3 great sword
 G - a +1 war axe
Armour
 a - a +2 animal skin (worn)
 c - a +0 robe
 f - a +1 ring mail of fire resistance
 l - a +0 robe
 n - a +0 animal skin
 v - a +0 robe
 w - a +0 robe
 E - a +0 robe
Jewellery
 h - a ring of protection from cold (left claw)
 M - a ring of resist corrosion (right claw)
 N - an uncursed ring of resist corrosion
Wands
 j - a wand of enslavement (9)
 u - a wand of paralysis (7)
 B - a wand of iceblast (3)
 L - a wand of disintegration (10)
Scrolls
 d - 2 scrolls of enchant armour
 e - 3 scrolls of blinking
 i - 4 scrolls of immolation
 m - 2 scrolls of random uselessness
 t - a scroll of remove curse
 y - a scroll of fear
 I - a scroll of enchant weapon {unknown}
 P - 2 scrolls of teleportation
Potions
 g - a potion of magic
 k - 3 potions of flight
 p - 2 potions of mutation
 q - 5 potions of curing
 r - a potion of ambrosia
 s - 2 potions of berserk rage
 x - a potion of might {unknown}
 z - 2 potions of invisibility
 A - 3 potions of degeneration
 K - a potion of brilliance {unknown}
 O - a potion of resistance {unknown}
Comestibles
 b - 12 rations


   Skills:
 + Level 4.4 Fighting
 + Level 6.8 Dodging
 + Level 2.3 Stealth
 + Level 11.9 Unarmed Combat


You had 9 spell levels left.
You didn't know any spells.
Your spell library was empty.

Dungeon Overview and Level Annotations

Branches:
Dungeon (9/15)             Temple (0/1) D:5
   Lair: D:8-11         Orc: D:9-12

Altars:
Ashenzari
Fedhas
Gozag
Hepliaklqana
Wu Jian
Zin
The Shining One

Annotations:
D:8 Grum


Innate Abilities, Weirdness & Mutations

You are too large for most types of armour.
You have claws for hands.
Your metabolism is lightning-fast.
You like to eat raw meat.
Your natural rate of healing is unusually fast.
You are covered in fur. (AC +1)
You have very tough skin. (AC +2)


Message History

Grum closely misses you. The hippogriff bites you!
* * * LOW HITPOINT WARNING * * *
The hippogriff pecks you!
* * * LOW HITPOINT WARNING * * *
The hippogriff misses you.
The orc priest mumbles some strange prayers to Beogh against you.
Pain shoots through your body!
* * * LOW HITPOINT WARNING * * *
Something hits you but does no damage.
You are very lightly contaminated with residual magic.
A red film seems to cover your vision as you go berserk!
You feel yourself moving faster!
You feel mighty!
You are feeling hungry.
The adder hisses angrily.
The wolf bites you.
* * * LOW HITPOINT WARNING * * *
The wolf misses you. The wolf bites you.
* * * LOW HITPOINT WARNING * * *
Grum hits you from afar with a spear!
You die...

#................................
#................................
#................................
#................................
#..............................##
#.....................###'#....#.
#.....................#...#....#.
# .............#...######. #
.....hH@h....######...'. #
......oh{....#...##..##. #
.....g.n)....#.......### #
.............#.......'.. #
.............#...##†.##. #
..S..........#...##..##. #
.............#...#...### #
.............#...#...##. #
............#...#......


You could see a hippogriff, Grum, a necrophage, 3 wolves, an orc priest and an
adder (wandering).

Vanquished Creatures
  Pikel (D:4)
  Grinder (D:3)
  Prince Ribbit (D:6)
  A hippogriff (D:7)
  Sigmund (D:3)
  An ice beast (D:7)
  3 orc warriors
  3 phantoms
  3 sky beasts
  3 black bears
  2 ogres
  A centaur (D:5)
  A big kobold (D:7)
  4 elf zombies (Ossuary)
  Blork the orc (D:6)
  4 bullfrogs
  2 scorpions
  5 killer bees (D:8)
  4 wights (D:6)
  2 howler monkeys (D:7)
  5 centaur zombies
  3 crimson imps
  5 human zombies (Ossuary)
  A centaur skeleton (D:7)
  3 orc priests
  2 bullfrog skeletons
  7 orc wizards
  5 iguanas
  3 worker ants
  Terence (D:1)
  3 mummies (Ossuary)
  Robin (D:3)
  5 adders
  An ooze (D:4)
  An adder zombie (D:6)
  2 adder skeletons
  A worm (D:5)
  3 dart slugs
  2 leopard geckos
  25 orcs
  5 bats
  3 giant cockroaches
  13 goblins (D:3)
  6 hobgoblins
  6 jackals
  3 quokkas
  13 kobolds
  A leopard gecko zombie (D:5)
  A quokka skeleton (D:4)
  7 rats
181 creatures vanquished.

Notes
Turn   | Place    | Note
-------+----------+-------------------------------------------
     0 | D:1      | Marnok the Troll Berserker began the quest for the Orb.
     0 | D:1      | Reached XP level 1. HP: 22/22 MP: 0/0
   420 | D:1      | Reached XP level 2. HP: 26/29 MP: 1/1
   459 | D:2      | Noticed Terence
   463 | D:1      | Killed Terence
   463 | D:1      | Reached XP level 3. HP: 24/36 MP: 2/2
  1054 | D:3      | Noticed Robin
  1087 | D:3      | Reached ** piety under Trog
  1088 | D:3      | Killed Robin
  1088 | D:3      | Reached XP level 4. HP: 44/44 MP: 3/3
  1278 | D:5      | Entered Level 5 of the Dungeon
  1283 | D:5      | Reached skill level 4 in Unarmed Combat
  1300 | D:5      | Reached XP level 5. HP: 52/52 MP: 4/4
  1342 | D:5      | Found a blossoming altar of Fedhas.
  1342 | D:5      | Noticed a sky beast
  1352 | D:5      | Killed a sky beast
  1388 | D:5      | Reached skill level 5 in Unarmed Combat
  1412 | D:5      | Noticed a centaur
  1422 | D:5      | Killed a centaur
  1422 | D:5      | Reached XP level 6. HP: 29/61 MP: 5/5
  1533 | D:5      | Found an opulent altar of Gozag.
  1643 | D:5      | Found a staircase to the Ecumenical Temple.
  1664 | D:5      | Reached skill level 6 in Unarmed Combat
  1672 | D:4      | Noticed a slave
  1673 | D:4      | Noticed a slave
  1682 | D:4      | Reached XP level 7. HP: 34/67 MP: 6/6
  1688 | D:4      | Noticed Pikel
  1701 | D:4      | Killed Pikel
  1701 | D:4      | Reached skill level 7 in Unarmed Combat
  1782 | D:4      | Reached XP level 8. HP: 64/75 MP: 7/7
  1824 | D:4      | Found an ornate altar of the Wu Jian Council.
  1832 | D:4      | Found a shattered altar of Ashenzari.
  1837 | D:4      | Found a hazy altar of Hepliaklqana.
  1905 | D:4      | Found a glowing golden altar of the Shining One.
  1997 | D:3      | Reached *** piety under Trog
  2059 | D:3      | Noticed Sigmund
  2066 | D:3      | Killed Sigmund
  2066 | D:3      | Reached skill level 5 in Dodging
  2066 | D:3      | Reached skill level 1 in Stealth
  2107 | D:3      | Noticed Grinder
  2112 | D:3      | Killed Grinder
  2112 | D:3      | Reached skill level 8 in Unarmed Combat
  2302 | D:5      | Found a glowing silver altar of Zin.
  2366 | D:6      | Noticed Prince Ribbit
  2372 | D:6      | Killed Prince Ribbit
  2372 | D:6      | Reached skill level 9 in Unarmed Combat
  2477 | D:7      | Reached XP level 9. HP: 67/84 MP: 8/8
  2649 | D:7      | Reached **** piety under Trog
  2715 | D:7      | Reached skill level 10 in Unarmed Combat
  2734 | D:7      | Found a sand-covered staircase.
  2750 | Ossuary  | Entered an ossuary
  3088 | D:6      | Reached skill level 11 in Unarmed Combat
  3416 | D:6      | Reached XP level 10. HP: 94/94 MP: 9/9
  3603 | D:6      | Noticed Blork the orc
  3611 | D:6      | Killed Blork the orc
  4154 | D:8      | Reached ***** piety under Trog
  4899 | D:8      | Noticed Grum
  4908 | D:8      | HP: 4/141 [wolf[Grum] (6)]
  4908 | D:8      | Slain by Grum

Skill      XL: |  1  2  3  4  5  6  7  8  9 10 |
---------------+-------------------------------+-----
Dodging        | 3 4 5 6 |  6.8
Unarmed Combat | 4 5 6 7 9 11 | 11.9
Fighting       | 3 4 |  4.4
Stealth        | 1 2 |  2.3

Action                   |  1- 3 |  4- 6 |  7- 9 | 10-12 || total
-------------------------+-------+-------+-------+-------++-------
Melee: Unarmed           |    92 |    77 |   270 |    99 ||   538
       Punch             |       |     3 |     9 |     4 ||    16
Invok: Berserk           |     1 |       |     2 |     1 ||     4
  Use: Potion            |     4 |     1 |     1 |     2 ||     8
       Scroll            |       |     5 |    14 |       ||    19
 Stab: Sleeping          |     1 |       |     3 |     3 ||     7
  Eat: Chunk             |     7 |    11 |    21 |     6 ||    45
Armor: Animal skin       |    53 |    14 |    66 |    35 ||   168
       Skin              |    32 |    14 |       |       ||    46
Dodge: Dodged            |    83 |    29 |   129 |    46 ||   287
